Map: Taito Citadel LE

Players

ProbeEnjoyer - Winner!

  • Race: Protoss Protoss
  • League: Grandmaster
  • Spawn Location: 5:00

WannaBeZoun

  • Race: Protoss Protoss
  • League: Grandmaster
  • Spawn Location: 11:00

VOD

Have the link to the VOD?

Description

Time

  • Played on: Dec. 28, 2025, 5:29 p.m.
  • Length: 10:00
Show
View Real Time Build Order
Export as new Build Order

ProbeEnjoyer Protoss - Winner!

Build Orders: Phoenix Opening, Blink Stalkers, Zealot Archon 

Get SALT Encoding   

  12  0:00  Probe  
  13  0:12  Probe  
  14  0:16  Pylon  
  14  0:23  Probe  
  15  0:32  Probe  
  15  0:36  Gateway  
  15  0:40  Probe  
  17  0:50  Probe, Assimilator  
  17  0:54  Assimilator  
  18  0:59  Probe  
  19  1:07  Probe  
  19  1:08  Gateway  
  20  1:19  Probe  
  20  1:24  Cybernetics Core  
  21  1:31  Probe  
  22  1:43  Probe  
  22  1:46  Pylon  
  23  2:04  Sentry, Probe, Warp Gate  
  28  2:17  Shield Battery  
  26  2:24  Nexus  
  26  2:34  Stalker  
  26  2:36  Pylon  
  26  2:37  Phoenix, Sentry  
  26  2:38  Probe  
  31  2:50  Probe  
  31  2:55  Shield Battery  
  32  3:00  Sentry  
  32  3:03  Probe  
  34  3:07  Twilight Council  
  34  3:11  Pylon, Probe  
  35  3:16  Phoenix  
  36  3:20  Probe  
  37  3:27  Blink  
  37  3:31  Probe  
  37  3:32  Probe  
  38  3:40  Probe  
  39  3:43  Probe  
  41  3:50  Probe  
  41  3:52  Stalker  
  44  3:55  Probe  
  44  3:56  Stalker  
  44  4:02  Probe  
  48  4:07  Probe  
  50  4:20  Probe  
  50  4:21  Probe, Nexus  
  50  4:24  Pylon  
  51  4:27  Assimilator  
  51  4:28  Phoenix  
  51  4:32  Probe  
  51  4:33  Probe  
  53  4:40  Robotics Facility  
  53  4:42  Forge  
  53  4:44  Probe  
  54  4:45  Probe  
  55  4:56  Protoss Ground Weapons Level 1  
  55  4:58  Gateway  
  55  5:00  Gateway  
  55  5:01  Shield Battery  
  55  5:06  Gateway  
  55  5:08  Probe x2  
  55  5:11  Gateway  
  57  5:19  Phoenix  
  57  5:20  Probe  
  58  5:26  Probe  
  58  5:28  Observer  
  59  5:31  Probe  
  59  5:34  Probe  
  59  5:35  Probe  
  62  5:37  Gateway  
  62  5:38  Charge  
  62  5:39  Probe, Gateway  
  62  5:42  Probe  
  63  5:47  Probe  
  63  5:49  Probe  
  66  5:53  Probe  
  68  6:02  Probe x2  
  70  6:07  Nexus  
  70  6:08  Gateway  
  70  6:12  Probe, Gateway  
  70  6:14  Pylon, Probe x2  
  70  6:18  Zealot  
  75  6:22  Templar Archives  
  75  6:23  Protoss Ground Weapons Level 2, Zealot  
  75  6:24  Probe  
  78  6:28  Zealot x2  
  78  6:32  Zealot x2  
  86  6:35  Probe x2  
  88  6:40  Pylon  
  88  6:42  Zealot x2  
  92  6:47  Pylon  
  92  6:50  Probe  
  92  6:54  Pylon  
  93  6:57  Pylon  
  93  6:58  Probe x2  
  93  7:01  High Templar x2  
  99  7:02  Probe  
  99  7:05  Pylon  
  99  7:06  High Templar x2, Archon  
  104  7:10  Probe x2  
  104  7:11  Photon Cannon  
  104  7:12  Archon  
  104  7:14  Probe  
  107  7:20  Probe  
  110  7:25  Pylon, Warp Prism  
  110  7:27  Zealot x2  
  116  7:31  Pylon  
  116  7:35  Zealot x5  
  124  7:39  Pylon, High Templar x2  
  124  7:43  Archon  
  128  7:45  Zealot  
  130  7:56  Pylon  
  130  8:01  High Templar  
  130  8:02  Zealot  
  130  8:04  High Templar, Zealot x4  
  144  8:11  Zealot  
  144  8:12  Archon  
  146  8:13  Zealot x2  
  146  8:14  Pylon  
  150  8:21  Nexus  
  150  8:25  Zealot x3  
  150  8:26  Zealot x2  
  160  8:34  Zealot x4  
  168  8:41  Zealot  
  168  8:47  Zealot x2  
  168  8:48  Zealot x3  
  178  8:59  Zealot x4  
  148  9:03  Zealot  
  148  9:09  Zealot x5  
  146  9:23  Zealot x5  
  148  9:30  Zealot x5  
  158  9:39  Photon Cannon  
  158  9:42  Pylon, Photon Cannon  
  158  9:47  Shield Battery  
  158  9:48  Zealot x5  
  166  9:54  Zealot x5  
Show
View Real Time Build Order
Export as new Build Order

WannaBeZoun Protoss 

Build Orders: Phoenix Opening, Blink Stalkers, Zealot Archon 

Get SALT Encoding   

  12  0:00  Probe  
  13  0:12  Probe  
  14  0:17  Pylon  
  14  0:24  Probe  
  15  0:32  Probe  
  15  0:36  Gateway  
  15  0:40  Probe  
  16  0:47  Assimilator  
  17  0:51  Probe  
  18  1:00  Probe, Assimilator  
  19  1:08  Probe, Gateway  
  19  1:17  Probe  
  21  1:26  Cybernetics Core  
  21  1:29  Probe  
  22  1:37  Pylon  
  22  1:41  Probe  
  23  1:55  Probe  
  23  2:00  Stalker  
  24  2:03  Sentry, Warp Gate  
  28  2:11  Probe  
  28  2:15  Pylon  
  29  2:34  Phoenix  
  29  2:35  Nexus  
  29  2:40  Sentry  
  29  2:43  Probe  
  30  2:46  Shield Battery  
  30  2:51  Sentry, Probe  
  34  3:02  Probe  
  35  3:06  Twilight Council  
  35  3:12  Blink  
  35  3:14  Pylon, Probe  
  36  3:22  Probe  
  36  3:23  Phoenix  
  37  3:30  Probe  
  38  3:41  Probe  
  38  3:47  Probe  
  40  3:51  Stalker  
  40  3:52  Stalker  
  40  3:55  Probe  
  45  3:59  Probe  
  46  4:03  Phoenix  
  46  4:07  Probe  
  47  4:11  Probe  
  48  4:22  Probe, Nexus  
  49  4:26  Probe  
  49  4:28  Phoenix  
  49  4:30  Stalker  
  52  4:33  Stalker  
  52  4:36  Probe  
  55  4:39  Pylon  
  55  4:43  Probe  
  56  4:46  Forge  
  56  4:49  Probe  
  57  4:55  Probe  
  57  4:57  Shield Battery  
  58  5:01  Probe  
  58  5:03  Protoss Ground Weapons Level 1  
  59  5:07  Gateway x2  
  59  5:08  Probe  
  59  5:13  Stalker  
  62  5:16  Probe  
  62  5:21  Stalker  
  65  5:22  Probe  
  65  5:24  Probe  
  65  5:26  Charge  
  66  5:28  Phoenix  
  66  5:32  Assimilator  
  66  5:33  Probe  
  66  5:34  Probe x2  
  68  5:41  Probe  
  70  5:44  Robotics Facility  
  70  5:46  Probe x2  
  73  5:50  Probe  
  74  5:58  Probe x2  
  74  6:01  Gateway  
  74  6:02  Probe  
  74  6:03  Gateway  
  77  6:10  Probe x2  
  79  6:17  Nexus  
  79  6:18  Pylon  
  79  6:19  Probe  
  79  6:22  Protoss Ground Weapons Level 2  
  80  6:26  Gateway x2  
  80  6:28  Probe  
  80  6:30  Phoenix  
  81  6:33  Observer  
  81  6:34  Gateway  
  81  6:36  Gateway  
  81  6:37  Templar Archives  
  81  6:39  Pylon  
  82  6:42  Zealot  
  82  6:44  Zealot  
  82  6:45  Probe x2  
  82  6:47  Probe  
  89  6:54  Pylon  
  89  6:57  Probe x2  
  89  6:59  Probe  
  92  7:02  Zealot x4  
  92  7:05  Pylon  
  92  7:07  Pylon  
  100  7:11  Phoenix, Probe  
  100  7:13  Probe  
  100  7:14  Probe  
  103  7:18  Photon Cannon  
  103  7:20  High Templar x2  
  107  7:24  Archon  
  107  7:25  Zealot x3  
  113  7:30  Assimilator  
  113  7:31  Probe  
  113  7:34  Warp Prism  
  116  7:38  High Templar x2  
  116  7:41  Photon Cannon  
  116  7:42  Archon  
  120  7:44  Photon Cannon  
  120  7:46  Photon Cannon  
  120  7:55  Pylon  
  120  7:57  Pylon, Zealot x4  
  128  8:08  High Templar x2, Zealot x2  
  128  8:10  Pylon  
  128  8:12  Pylon  
  136  8:13  Archon  
  136  8:24  Zealot x6  
  148  8:27  Gateway  
  148  8:29  Gateway  
  148  8:35  Zealot x2  
  148  8:40  Pylon x2  
  152  8:42  Pylon  
  152  8:46  Zealot x6  
  164  8:49  Pylon  
  162  8:59  Zealot x4  
  116  9:06  Zealot x3  
  116  9:07  Zealot x2  
  116  9:09  Zealot  
  88  9:23  Zealot x4  
  85  9:26  Zealot x2  
  85  9:31  Zealot x5  
  92  9:43  Stalker x4  
  87  9:53  Stalker x3  
Tags
 
Add a new tag
Caveats
  • Supply blocks, unpowered buildings, or Contaminate may cause inaccurate times.
  • Supply counts are checked every 10 seconds.